Map: Lerilak Crest

Players

SonicReducer

  • Race: Terran Terran
  • League: Platinum

Goodfella

  • Race: Terran Terran

DerTeufel

  • Race: Protoss Protoss

Oxygen

  • Race: Protoss Protoss
  • League: Gold

VOD

Have the link to the VOD?

Description

Time

  • Played on: Feb. 16, 2016, 2:02 p.m.
  • Length: 9:33
Show
View Real Time Build Order
Export as new Build Order

SonicReducer Terran 

Build Orders:  

Get SALT Encoding   

  12  0:01  SCV  
  13  0:13  SCV  
  14  0:20  Supply Depot  
  14  0:25  SCV  
  15  0:30  Refinery  
  15  0:41  SCV  
  16  0:48  Barracks  
  16  0:53  SCV  
  17  1:05  SCV  
  17  1:06  Supply Depot  
  18  1:18  SCV  
  19  1:30  SCV  
  20  1:36  Reaper  
  21  1:51  SCV  
  21  1:53  Factory  
  22  1:54  Refinery  
  22  2:05  SCV  
  22  2:08  Marine  
  24  2:17  SCV  
  25  2:26  Marine  
  25  2:29  SCV  
  27  2:38  Widow Mine  
  27  2:39  Starport  
  27  2:43  Supply Depot  
  27  2:44  Marine, SCV  
  31  2:58  Orbital Command  
  31  3:04  Marine  
  32  3:07  Factory Tech Lab  
  32  3:17  Medivac  
  34  3:21  Supply Depot  
  34  3:23  Marine  
  35  3:29  Supply Depot  
  34  3:34  Cyclone  
  37  3:44  Barracks Tech Lab  
  37  3:54  Starport Reactor  
  37  3:58  Command Center  
  35  4:16  Cyclone  
  25  4:27  SCV  
  26  4:38  Engineering Bay  
  26  4:39  SCV  
  26  4:42  Marine  
  28  4:51  SCV  
  29  5:01  Stimpack  
  29  5:04  SCV  
  29  5:12  Marine  
  30  5:16  SCV  
  30  5:18  Widow Mine  
  33  5:28  SCV  
  33  5:39  Marauder  
  33  5:40  SCV  
  33  5:41  Medivac  
  36  5:52  SCV  
  37  5:57  Siege Tank  
  40  6:04  SCV  
  41  6:14  Marine  
  41  6:16  SCV  
  41  6:27  Orbital Command  
  41  6:28  SCV  
  42  6:35  Marauder  
  42  6:38  Siege Tank  
  47  6:40  SCV  
  48  6:52  SCV  
  48  6:54  Terran Infantry Weapons Level 1  
  49  6:55  Barracks  
  49  7:02  Viking  
  49  7:04  Marine  
  49  7:05  SCV  
  49  7:07  SCV  
  39  7:23  SCV x2  
  41  7:34  Medivac  
  41  7:35  SCV x2  
  45  7:41  Missile Turret  
  45  7:47  SCV  
  46  7:56  Barracks Reactor  
  45  7:58  SCV  
  45  7:59  SCV  
  47  8:17  Siege Tank  
  50  8:20  Marine  
  50  8:26  Missile Turret  
  51  8:34  Marine x2  
  49  8:38  Marauder  
  53  8:48  SCV x2  
  53  8:53  Marine x2  
  56  9:00  SCV x2  
  41  9:11  Marauder  
  41  9:12  SCV  
  41  9:13  Marine, SCV  
  41  9:14  Marine  
Show
View Real Time Build Order
Export as new Build Order

Goodfella Terran 

Build Orders:  

Get SALT Encoding   

  12  0:01  Probe (Chrono Boost)  
  13  0:11  Probe (Chrono Boost)  
  14  0:18  Pylon  
  14  0:23  Probe (Chrono Boost)  
  15  0:37  Probe (Chrono Boost), Assimilator  
  16  0:47  Probe (Chrono Boost)  
  16  0:49  Gateway  
  17  0:58  Probe (Chrono Boost)  
  17  1:00  Assimilator  
  18  1:08  Probe (Chrono Boost)  
  19  1:15  Pylon  
  19  1:19  Probe (Chrono Boost)  
  20  1:29  Probe (Chrono Boost)  
  21  1:37  Cybernetics Core  
  21  1:40  Probe (Chrono Boost)  
  22  1:50  Probe (Chrono Boost)  
  23  1:58  Pylon  
  23  2:01  Probe (Chrono Boost)  
  24  2:11  Probe (Chrono Boost)  
  25  2:18  Stargate  
  25  2:19  Warp Gate  
  25  2:22  Mothership Core (Chrono Boost)  
  27  2:23  Adept (Chrono Boost)  
  28  2:55  Probe  
  28  2:56  Nexus  
  29  3:00  Oracle  
  32  3:10  Probe (Chrono Boost)  
  33  3:25  Probe (Chrono Boost)  
  34  3:37  Probe (Chrono Boost)  
  34  3:38  Pylon  
  36  3:49  Probe (Chrono Boost)  
  36  3:59  Gateway  
  36  4:01  Gateway, Assimilator  
  36  4:06  Assimilator  
  36  4:08  Pylon  
  36  4:15  Pylon  
  37  4:25  Probe x2 (Chrono Boost)  
  37  4:26  Phoenix  
  40  4:35  Probe (Chrono Boost)  
  40  4:37  Probe (Chrono Boost)  
  42  4:46  Probe (Chrono Boost)  
  43  4:56  Probe (Chrono Boost)  
  43  5:01  Forge  
  43  5:03  Forge  
  41  5:13  Adept  
  43  5:28  Adept x2  
  43  5:38  Phoenix  
  43  5:41  Probe (Chrono Boost)  
  43  5:42  Probe (Chrono Boost), Photon Cannon  
  45  5:43  Protoss Ground Armor Level 1, Protoss Ground Weapons Level 1  
  45  5:45  Adept  
  44  5:51  Probe (Chrono Boost)  
  44  5:54  Probe (Chrono Boost)  
  44  5:59  Oracle  
  44  6:02  Probe (Chrono Boost)  
  45  6:06  Probe (Chrono Boost)  
  49  6:12  Probe (Chrono Boost)  
  49  6:17  Robotics Facility  
  51  6:18  Probe (Chrono Boost)  
  51  6:20  Pylon  
  51  6:23  Probe (Chrono Boost)  
  51  6:25  Gateway  
  52  6:30  Probe (Chrono Boost)  
  53  6:34  Probe (Chrono Boost)  
  53  6:39  Nexus  
  54  6:46  Pylon  
  54  6:53  Probe (Chrono Boost)  
  56  6:54  Probe (Chrono Boost)  
  56  7:02  Stalker x3  
  56  7:05  Immortal (Chrono Boost)  
  66  7:13  Robotics Bay  
  66  7:15  Pylon  
  66  7:18  Gateway  
  66  7:29  Probe  
  66  7:30  Probe  
  66  7:35  Twilight Council  
  66  7:36  Adept  
  70  7:38  Phoenix  
  72  7:45  Immortal (Chrono Boost)  
  76  7:54  Sentry x2  
  76  7:56  Sentry  
  76  7:57  Adept  
  84  8:04  Extended Thermal Lance (Chrono Boost)  
  81  8:12  Probe  
  81  8:13  Probe x2  
  84  8:21  Assimilator  
  84  8:22  Probe  
  84  8:25  Probe x2, Pylon, Assimilator  
  86  8:43  Probe  
  86  8:45  Stalker x2  
  86  8:47  Stalker  
  86  8:48  Adept x2  
  85  9:02  Observer  
  86  9:10  Probe  
  86  9:11  Probe  
  88  9:20  Pylon  
Show
View Real Time Build Order
Export as new Build Order

DerTeufel Protoss 

Build Orders:  

Get SALT Encoding   

Show
View Real Time Build Order
Export as new Build Order

Oxygen Protoss 

Build Orders:  

Get SALT Encoding   

Tags
 
Add a new tag
Caveats
  • Supply blocks, unpowered buildings, or Contaminate may cause inaccurate times.
  • Supply counts are checked every 10 seconds.